 Dungeon Crawl Stone Soup version 0.31-a0-836-g3ceb0a68c4 (webtiles) character file.

Game seed: 15752388988615058207

25 Mesmaeker13 the Magician (level 2, -4/1 HPs)
             Began as a Deep Elf Air Elementalist on Sept 26, 2023.
             Slain by a goblin
             ... wielding a +0 club
              (5 damage)
             ... on level 2 of the Dungeon.
             The game lasted 00:01:39 (903 turns).

Mesmaeker13 the Magician (Deep Elf Air Elementalist) Turns: 903, Time: 00:01:40

Health: -4/1       AC:  0    Str:  5    XL:     2   Next: 82%
Magic:  8/8        EV: 13    Int: 19    God:
Gold:   106        SH:  0    Dex: 15    Spells: 4/7 levels left

rFire   . .          .
                       - Blade Hands
rCold   . . .        (shield currently unavailable)
rNeg    . . .        a - +0 robe
rPois   .            (no helmet)
rElec   .            (no cloak)
rCorr   .            (gloves currently unavailable)
SInv    .            (no boots)
Will    .....        (no amulet)
Stlth   ++           (no ring)
HPRegen 0.20/turn    (no ring)
MPRegen 0.11/turn

%: no passive effects
@: blade hands
A: reduced hp
a: Begin Untransformation


You were on level 2 of the Dungeon.
You had blades for hands.
You visited 1 branch of the dungeon, and saw 2 of its levels.

You collected 106 gold pieces.

Inventory:

Hand Weapons
 e - a +0 dagger
Armour
 a - a +0 robe (worn)
Talismans
 k - a blade talisman (active)
Scrolls
 c - a scroll of immolation {unknown}
 f - 2 scrolls of identify {unknown}
 h - a scroll of poison {unknown}
 i - a scroll of noise {unknown}
Potions
 b - a potion of magic
 d - a potion of lignification {unknown}
 g - a potion of curing {unknown}
 j - a potion of enlightenment {unknown}


   Skills:
 + Level 2.9 Dodging
 - Level 2.4 Stealth
 + Level 3.4 Spellcasting
 + Level 1.8 Conjurations
 + Level 3.3 Air Magic


You had 4 spell levels left.
You knew the following spells:

 Your Spells              Type           Power      Damage    Failure   Level
a - Shock                 Conj/Air       52%        1d6       4%          1
b - Static Discharge      Conj/Air       26%        2-4/arc   8%          2

Your spell library contained the following spells:

 Spells                   Type           Power      Damage    Failure   Level
 Swiftness                Air            15%        N/A       11%         3
 Cigotuvi's Dreadful Rot  Necr/Pois/Air  14%        N/A       14%         2
 Stone Arrow              Conj/Erth      12%        3d7       30%         3
 Airstrike                Air            7%         2d(2-18)  36%         4
 Call Canine Familiar     Summ           3%         N/A       41%         3
 Ignite Poison            Fire/Tmut/Pois 3%         N/A       41%         3
 Freezing Cloud           Conj/Ice/Air   4%         6-21      89%         5
 Borgnjor's Vile Clutch   Necr/Erth      1%         N/A       99%         5
 Shatter                  Erth           1%         3d6*      100%        9


Dungeon Overview and Level Annotations

Branches:
Dungeon (2/15)

Altars:


Message History

Press: ? - help, Shift-Dir - straight line, f/p - kobold
Aim: a kobold, wielding a +0 dagger and quivering stones (heavily wounded, 60% to hit)
The zap hits the kobold.
The kobold is severely wounded.
The kobold barely misses you.
Casting: Shock (safe; 4% risk of failure)
Confirm with . or Enter, or press ? or * to list all spells.
Aiming: Shock (safe; 4% risk of failure)
Press: ? - help, Shift-Dir - straight line, f/p - kobold
Aim: a kobold, wielding a +0 dagger and quivering stones (severely wounded, 60% to hit)
The zap hits the kobold.
You kill the kobold!
Unknown command.
Things that are here:
a +0 dagger; 2 stones; a kobold corpse You start resting.
Your magical contamination has completely faded away.
Magic restored.
There is a stone staircase leading down here.
Found a blade talisman.
You see here a blade talisman.
k - a blade talisman Unknown command.
Unknown command.
You begin transforming.
You continue transforming. x3
Your hands turn into razor-sharp scythe blades.
HP restored.
Found a stone staircase leading down.
Found 6 stones.
Okay, then.
You see here 6 stones.
A ball python comes into view.
The ball python hisses angrily.
A goblin comes into view. It is wielding a +0 club.
The goblin shouts!
You hit the goblin.
The goblin is severely wounded.
The goblin hits you with a +0 club.
Ouch! That really hurt!
You die...

# #..
#....######
.....Sg@..#
......###.#
...... #.#
...... #.#
.......###.#
#........#.#
#........#.###
#........#...#
#........###.#


You could see a goblin and a ball python.

Vanquished Creatures
  A bat (D:1)
  An endoplasm (D:1)
  5 goblins (D:1)
  4 hobgoblins (D:1)
  2 kobolds
  A quokka (D:1)
  2 ball pythons (D:1)
  3 frilled lizards (D:1)
  2 rats (D:1)
21 creatures vanquished.

Notes
Turn   | Place    | Note
-------+----------+-------------------------------------------
     0 | D:1      | Mesmaeker13 the Deep Elf Air Elementalist began the quest
                  | for the Orb.
     0 | D:1      | Reached XP level 1. HP: 10/10 MP: 6/6
   224 | D:1      | Reached XP level 2. HP: 15/15 MP: 5/8
   433 | D:1      | Got an inconspicuous book
   766 | D:2      | Learned a level 2 spell: Static Discharge
   903 | D:2      | Slain by a goblin

Illustrated notes

Levels and vault maps discovered:
D:1:      noname_arrival_rooms_in_the_neighbourhood, layout_rooms,
          minmay_pentomino_x2
D:2:      layout_basic

Action                     || total
---------------------------++-------
  Melee: Unarmed           ||     1
   Cast: Shock             ||    37
 Armour: Robe              ||     1
  Dodge: Dodged            ||     2
   Form: Blade             ||     1

Table legend: (Time is in decaauts)
 A = Elapsed time spent in this place.
 B = Non-inter-level travel time spent in this place.
 C = Inter-level travel time spent in this place.
 D = Time resting spent in this place.
 E = Time spent auto-exploring this place.
 F = Levels seen in this place.
 G = Mean time per level.
                   A        B        C        D        E       F      G
               +--------+--------+--------+--------+--------+-----+--------+
         Total |    902 |    888 |     14 |      9 |    769 |   2 |  451.0 |
       Dungeon |    902 |    888 |     14 |      9 |    769 |   2 |  451.0 |
               +--------+--------+--------+--------+--------+-----+--------+

Top non-repeatable levels by time:
     D:1: 743 daAuts
     D:2: 159 daAuts
